 Dungeon Crawl Stone Soup version 0.28-a0-535-g6f645e4c1d (webtiles) character file.

Game seed: 17209987730828017361

40 jasper the Insei (level 3, 0/28 HPs)
             Began as a Demonspawn Transmuter on Sept 26, 2021.
             Slain by a bat (1 damage)
             ... on level 3 of the Dungeon.
             The game lasted 00:02:58 (1424 turns).

jasper the Insei (Demonspawn Transmuter)            Turns: 1424, Time: 00:02:59

Health: 0/28       AC:  6    Str: 10    XL:     3   Next: 30%
Magic:  6/6        EV: 10    Int: 15    God:
Gold:   16         SH:  5    Dex: 13    Spells: 5/6 levels left

rFire   . . .      SeeInvis .     - Unarmed
rCold   . . .      Faith    .   (no shield)
rNeg    . . .      Spirit   .   d - +0 ring mail
rPois   .          Reflect  +   (no helmet)
rElec   .          Harm     .   (no cloak)
rCorr   .          Rampage  .   f - +0 pair of gloves
Will    .....                   (no boots)
Stlth   +.........              g - amulet of reflection
HPRegen 0.09/turn               (no ring)
MPRegen 0.10/turn               (no ring)

@: mighty
A: demonic guardian 1
a: no special abilities


You were on level 3 of the Dungeon.
You visited 1 branch of the dungeon, and saw 3 of its levels.

You collected 16 gold pieces.

Inventory:

Armour
 a - a +0 robe
 d - a +0 ring mail (worn)
 f - a +0 pair of gloves (worn)
Jewellery
 g - an amulet of reflection (around neck)
Scrolls
 b - a scroll of identify


   Skills:
 + Level 2.3 Fighting
 - Level 1.7 Dodging
 + Level 3.4 Unarmed Combat
 - Level 2.0 Spellcasting
 - Level 1.7 Transmutations


You had 5 spell levels left.
You knew the following spells:

 Your Spells              Type           Power      Damage    Failure   Level
a - Beastly Appendage     Tmut           12%        N/A       28%         1

Your spell library contained the following spells:

 Spells                   Type           Power      Damage    Failure   Level
 Wereblood                Tmut           6%         N/A       38%         2
 Spider Form              Tmut/Pois      2%         N/A       77%         3
 Ice Form                 Ice/Tmut       4%         N/A       99%         4


Dungeon Overview and Level Annotations

Branches:
Dungeon (3/15)

Altars:

Shops:
D:2 (   D:3 *


Innate Abilities, Weirdness & Mutations

A weak demonic guardian rushes to your aid.


Message History

You open the large door. The orc barely misses you.
The orc priest calls down the wrath of Beogh upon you.
Pain shoots through your body!
A demonic guardian appears!
There is a large open door here.
You take 7 damage, and have 16/28 hp.
MASSIVE DAMAGE!!
The orc priest mumbles some strange prayers to Beogh against you.
Beogh smites you!
* * * LOW HITPOINT WARNING * * *
You hear a shout!
There is a large open door here.
You take 13 damage, and have 3/28 hp.
MASSIVE DAMAGE!!
You swap places.
The orc hits your shadow imp with a +0 mace!
An orc comes into view. It is wielding a +0 flail.
Your shadow imp closely misses the orc.
It was a potion of might.
You feel very mighty all of a sudden.
The orc hits your shadow imp with a +0 mace.
Your shadow imp dies!
Your shadow imp disappears in a puff of smoke!
As you read the scroll labelled QABELUSHRAA, it crumbles to dust.
It is a scroll of identify.
e - a scroll of teleportation
As you read the scroll of teleportation, it crumbles to dust.
You feel strangely unstable. The orc hits you with a +0 mace.
* * * LOW HITPOINT WARNING * * *
You take 2 damage, and have 2/28 hp.
The orc priest looks satisfied for a moment.
The orc barely misses you.
Your surroundings seem slightly different.
A bat comes into view.
Found a hand axe.
The bat misses you.
There is an open door here.
The bat hits you.
* * * LOW HITPOINT WARNING * * *
You take 1 damage, and have 1/28 hp.
You close the door.
The bat hits you.
You die...

.... ....... .........
........#
#.......######## ...#
#.......##....)#
#...##........#b....#
#>..+.........+@....+
##...####......#.....#
.........(.....#.....#
..............##.....#
...........##.#......#
......ยง### #.#......#
.<.....#### #.#...####
.......o..###+#.......
.........o##..........


You could see a bat.

Vanquished Creatures
  A dart slug (D:1)
  A ball python (D:1)
  5 endoplasms
  A giant cockroach (D:1)
  A goblin (D:1)
  3 hobgoblins (D:1)
  8 jackals (D:1)
  3 kobolds (D:1)
  A quokka (D:1)
  4 bats (D:1)
  2 rats (D:1)
30 creatures vanquished.

Notes
Turn   | Place    | Note
-------+----------+-------------------------------------------
     0 | D:1      | jasper the Demonspawn Transmuter began the quest for the
                  | Orb.
     0 | D:1      | Reached XP level 1. HP: 15/15 MP: 3/3
   352 | D:1      | Reached skill level 3 in Unarmed Combat
   372 | D:1      | Gained mutation: A weak demonic guardian rushes to your
                  | aid. [demonic ancestry]
   372 | D:1      | Reached XP level 2. HP: 21/21 MP: 3/5
   894 | D:1      | Reached XP level 3. HP: 27/27 MP: 4/6
  1108 | D:1      | You fall into a shaft and drop 1 floor!
  1157 | D:2      | Found Keoch's Weapon Emporium.
  1384 | D:3      | Found Qeigut's Assorted Antiques.
  1423 | D:3      | HP: 1/28 [bat (1)]
  1424 | D:3      | Slain by a bat

Illustrated notes

Levels and vault maps discovered:
D:1:      erik_arrival_blinker_ship, layout_rooms
D:2:      minmay_recursive_quarters, layout_rooms, serial_shops, shop,
          chequers_serial_rivers_micro_b, uniq_crazy_yiuf_cottage
D:3:      layout_basic, serial_shops, nicolae_shop_statue_plus,
          kennysheep_orc_chapel

Skill      XL: |  1  2 |
---------------+-------+-----
Unarmed Combat | 3 |  3.4
Fighting       | 2 |  2.3
Dodging        | |  1.7
Spellcasting   | |  2.0
Transmutations | |  1.7

Action                   || total
-------------------------++-------
Melee: Unarmed           ||   103
       Kick              ||    18
       Headbutt          ||    10
       Punch             ||     2
 Cast: Beastly Appendage ||    15
  Use: Scroll            ||     2
       Potion            ||     1
Armor: Robe              ||    27
       Ring mail         ||    14
Dodge: Dodged            ||    80
Block: Other             ||     1

Table legend: (Time is in decaauts)
 A = Elapsed time spent in this place.
 B = Non-inter-level travel time spent in this place.
 C = Inter-level travel time spent in this place.
 D = Time resting spent in this place.
 E = Time spent auto-exploring this place.
 F = Levels seen in this place.
 G = Mean time per level.
                   A        B        C        D        E       F      G
               +--------+--------+--------+--------+--------+-----+--------+
         Total |   1419 |   1378 |     41 |    341 |    676 |   3 |  473.0 |
       Dungeon |   1419 |   1378 |     41 |    341 |    676 |   3 |  473.0 |
               +--------+--------+--------+--------+--------+-----+--------+

Top non-repeatable levels by time:
     D:1: 1254 daAuts
     D:2: 88 daAuts
     D:3: 76 daAuts
